 Dungeon Crawl Stone Soup version 0.29-a0-321-gf1c400731a (webtiles) character file.

Game seed: 17565016706352238436

86 sammy202020 the Skirmisher (level 4, -4/49 HPs)
             Began as an Ogre Monk on Apr 4, 2022.
             Slain by an orc
             ... wielding a +0 short sword
              (6 damage)
             ... on level 3 of the Dungeon.
             The game lasted 00:03:51 (3001 turns).

sammy202020 the Skirmisher (Ogre Monk)              Turns: 3001, Time: 00:03:51

Health: -4/49      AC:  4    Str: 17    XL:     4   Next: 50%
Magic:  4/4        EV: 10    Int: 11    God:
Gold:   87         SH:  0    Dex: 11    Spells: 3/3 levels left

rFire   . . .      SeeInvis .   c - +0 flail
rCold   . . .      Faith    .   (no shield)
rNeg    . . .      Spirit   .   b - +1 robe
rPois   .          Reflect  .   (helmet restricted)
rElec   .          Harm     .   (no cloak)
rCorr   .          Rampage  .   (gloves unavailable)
Will    .....                   (boots unavailable)
Stlth   ++........              (no amulet)
HPRegen 0.16/turn               (no ring)
MPRegen 0.09/turn               (no ring)

@: mighty
A: large, unfitting armour, tough skin 1
a: no special abilities


You were on level 3 of the Dungeon.
You visited 1 branch of the dungeon, and saw 3 of its levels.

You collected 87 gold pieces.

Inventory:

Hand Weapons
 a - a +0 mace
 c - a +0 flail (weapon)
 d - a +0 hunting sling
Armour
 b - a +1 robe (worn)
Wands
 j - a wand of flame (13)
Scrolls
 e - 2 scrolls of teleportation
 k - a scroll of noise
 l - a scroll of fear
Potions
 i - a potion of haste {unknown}


   Skills:
 + Level 4.8 Fighting
 * Level 3.8 Maces & Flails
 + Level 3.3 Dodging
 - Level 1.4 Stealth


You had 3 spell levels left.
You didn't know any spells.
Your spell library was empty.

Dungeon Overview and Level Annotations

Branches:
Dungeon (3/15)

Altars:

Shops:
D:2 *


Innate Abilities, Weirdness & Mutations

You are too large for most types of armour.
You have tough skin. (AC +1)


Message History

The orc hits you with a +0 dagger.
The orc hits you with a +0 short sword. x2
* * * LOW HITPOINT WARNING * * *
You are too injured to fight recklessly!
You are too injured to fight recklessly!
You are too injured to fight recklessly!
You are too injured to fight recklessly!
You are too injured to fight recklessly!
You are too injured to fight recklessly!
You are too injured to fight recklessly!
You are too injured to fight recklessly!
You are too injured to fight recklessly!
You are too injured to fight recklessly!
You are too injured to fight recklessly!
You are too injured to fight recklessly!
Unknown command.
Sorry, you're not good enough to have a special ability.
You feel very mighty all of a sudden. The orc barely misses you.
The orc hits you with a +0 short sword.
* * * LOW HITPOINT WARNING * * *
The orc hits you but does no damage.
You completely miss the orc.
The orc is moderately wounded.
The orc hits you with a +0 short sword.
* * * LOW HITPOINT WARNING * * *
The orc barely misses you. The orc hits you with a +0 short sword.
* * * LOW HITPOINT WARNING * * *
The orc closely misses you. The orc misses you. The orc closely misses you.
You bludgeon the orc!!
You kill the orc!
The orc hits you with a +0 short sword.
* * * LOW HITPOINT WARNING * * *
The orc hits you with a +0 short sword.
* * * LOW HITPOINT WARNING * * *
You closely miss the orc. The orc hits you with a +0 short sword.
* * * LOW HITPOINT WARNING * * *
The orc closely misses you.
You thump the orc!
You kill the orc!
The orc hits you with a +0 short sword.
You die...

####.....##.....#####.#...
......##†<.................
........).................
..####...................# #
#...................#....
.##..........#........#...#
#......†..............<#...#
...........))..........#...
...#.......@o.....†....#..#.
.#........)..#.........#..#.
............#.##.....##<...
..###.##....(#.##...........
.# #. #..#.....#######.....
## ...#.#.#..#######....
....#........##.....#.
#.#......#.............
###.........#.


You could see an orc.

Vanquished Creatures
  3 adders
  A gnoll (D:1)
  A worm (D:2)
  A dart slug (D:1)
  3 orcs (D:3)
  2 ball pythons
  5 endoplasms
  A giant cockroach (D:1)
  6 goblins
  5 hobgoblins
  2 kobolds (D:1)
  2 quokkas
  4 bats
  2 frilled lizards (D:3)
  4 rats (D:2)
42 creatures vanquished.

Notes
Turn   | Place    | Note
-------+----------+-------------------------------------------
     0 | D:1      | sammy202020 the Ogre Monk began the quest for the Orb.
     0 | D:1      | Reached XP level 1. HP: 24/24 MP: 1/1
   178 | D:1      | Reached XP level 2. HP: 22/32 MP: 2/2
   811 | D:1      | Found a faded altar of an unknown god.
   833 | D:1      | Reached XP level 3. HP: 24/40 MP: 3/3
  1932 | D:2      | Reached XP level 4. HP: 30/49 MP: 4/4
  2494 | D:2      | Found Qium's General Store.
  3000 | D:3      | HP: 2/49 [orc/+0 short sword (4)]
  3001 | D:3      | Slain by an orc

Illustrated notes

Levels and vault maps discovered:
D:1:      pf_arrival_petrified_forest, layout_basic,
          ebering_ecumenical_altar_webs, kennysheep_flooded_box
D:2:      layout_loops_ring, serial_rivers, chequers_serial_rivers_small_b,
          chequers_serial_rivers_small_3, chequers_serial_rivers_room_b,
          chequers_serial_rivers_large_b, chequers_serial_rivers_marsh,
          serial_shops, shop_statue
D:3:      layout_rooms, minmay_bisected

Skill      XL: |  1  2 |
---------------+-------+-----
Maces & Flails | 3 |  3.8
Dodging        | 3 |  3.3
Fighting       | |  4.8
Stealth        | |  1.4

Action                   |  1- 3 |  4- 6 || total
-------------------------+-------+-------++-------
Melee: Mace              |    25 |       ||    25
       Flail             |    63 |    59 ||   122
  Use: Potion            |     2 |     1 ||     3
       Scroll            |       |     7 ||     7
 Stab: Sleeping          |     4 |     1 ||     5
Armor: Robe              |    31 |    24 ||    55
Dodge: Dodged            |    66 |    42 ||   108

Table legend: (Time is in decaauts)
 A = Elapsed time spent in this place.
 B = Non-inter-level travel time spent in this place.
 C = Inter-level travel time spent in this place.
 D = Time resting spent in this place.
 E = Time spent auto-exploring this place.
 F = Levels seen in this place.
 G = Mean time per level.
                   A        B        C        D        E       F      G
               +--------+--------+--------+--------+--------+-----+--------+
         Total |   3075 |   3011 |     64 |    525 |   1842 |   3 | 1025.0 |
       Dungeon |   3075 |   3011 |     64 |    525 |   1842 |   3 | 1025.0 |
               +--------+--------+--------+--------+--------+-----+--------+

Top non-repeatable levels by time:
     D:2: 1464 daAuts
     D:1: 1413 daAuts
     D:3: 198 daAuts
